 Dungeon Crawl Stone Soup version 0.21.1-1-g345015f (webtiles) character file.

620 HyperWeapon the Cudgeler (level 7, 0/66 HPs)
             Began as a Troll Chaos Knight on June 25, 2018.
             Slain by Edmund
             ... wielding a +1 dire flail of holy wrath
              (7 damage)
             ... on level 4 of the Dungeon on June 26, 2018.
             The game lasted 00:19:43 (2628 turns).

HyperWeapon the Cudgeler (Troll Chaos Knight)       Turns: 2628, Time: 00:19:44

Health: 0/66       AC:  7    Str: 21    XL:     7   Next: 22%
Magic:  6/6        EV:  7    Int: 10    God:    Xom [..*...]
Gold:   160        SH:  7    Dex:  9    Spells: 6/6 levels left

rFire    . . .     SeeInvis .   a - +0 mace (chaos)
rCold    . . .     Gourm    +   q - +0 shield
rNeg     . . .     Faith    .   m - +2 robe
rPois    .         Spirit   .   (helmet restricted)
rElec    .         Reflect  .   (no cloak)
rCorr    .         Harm     .   (gloves unavailable)
MR       .....                  (boots unavailable)
Stlth    +.........             (no amulet)
HPRegen  0.61/turn              (no ring)
MPRegen  0.10/turn              (no ring)

@: no status effects
A: large, unfitting armour, claws 3, fast metabolism 3, gourmand, regeneration
1, shaggy fur 1, tough skin 2
a: Renounce Religion


You were on level 4 of the Dungeon.
You worshipped Xom.
You were a toy of Xom.
You were very full.

You visited 1 branch of the dungeon, and saw 4 of its levels.

You collected 160 gold pieces.

Inventory:

Hand Weapons
 a - a +0 mace of chaos (weapon)
 b - a +0 blowgun
Missiles
 l - 15 poisoned needles
 n - 3 curare-tipped needles
Armour
 m - a +2 robe (worn)
 q - a +0 shield (worn)
Wands
 s - a wand of disintegration (17)
Scrolls
 d - 2 scrolls of remove curse {unknown}
 e - a scroll of fear {unknown}
 h - 6 scrolls of teleportation {unknown}
 i - a scroll of amnesia {unknown}
 j - 2 scrolls of identify {unknown}
 k - a scroll of enchant armour {unknown}
 p - a scroll of fog {unknown}
Potions
 g - 2 potions of degeneration {unknown}
 o - a potion of heal wounds {unknown}
 r - a potion of brilliance {unknown}
 t - a potion of agility {unknown}
Comestibles
 c - 6 rations
 f - 5 chunks of flesh


   Skills:
 - Level 2.4 Fighting
 + Level 7.7 Maces & Flails
 - Level 1.9 Dodging


You had 6 spell levels left.
You didn't know any spells.

Dungeon Overview and Level Annotations

Branches:
Dungeon (4/15)
 Temple: D:4-7

Altars:
Kikubaaqudgha
Yredelemnul

Annotations:
D:4 Edmund


Innate Abilities, Weirdness & Mutations

You are too large for most types of armour.
You have claws for hands.
Your metabolism is lightning-fast.
You like to eat raw meat.
Your natural rate of healing is unusually fast.
You are covered in fur. (AC +1)
You have very tough skin. (AC +2)


Message History

Edmund closely misses you.
Edmund hits you with a dire flail of holy wrath.
* * * LOW HITPOINT WARNING * * *
Press: ? - help, v - describe, . - travel
Here: Edmund, wielding a dire flail of holy wrath and wearing a runed ring mail (severely wounded, fast, lightly drained)
The floor.
Okay, then.
You hit Edmund but do no damage.
Edmund is severely wounded.
Edmund barely misses you. x2
You hit Edmund.
Edmund is severely wounded.
Edmund barely misses you.
You hit Edmund.
Space bends around Edmund.
Edmund is severely wounded.
Edmund hits you with a dire flail of holy wrath!
* * * LOW HITPOINT WARNING * * *
Edmund mutters, "Who needs spells, anyway?"
Edmund hits you with a dire flail of holy wrath!
You die...

#..##......... .
##.##.........
..########..#.........
......................
.....#.###...........
.###.#.# ##.#'#######
#...## #.#.# #...)#
#.@.# ####.####@.#
#..###..#
#.......######
#####...>.....#
#...#).######.#
..+...'..#
...........#
....#.##...#
...(.#...).#


You could see Edmund.

Vanquished Creatures
  The ghost of RottenKnight the Caller, an amateur MfSu (D:3)
  A scorpion (D:2)
  4 orc priests
  An orc wizard (D:4)
  2 worker ants (D:4)
  7 adders
  A river rat (D:2)
  An ooze (D:1)
  3 dart slugs
  A leopard gecko (D:3)
  8 orcs
  6 bats
  13 giant cockroaches (D:3)
  10 goblins
  4 hobgoblins
  5 jackals (D:1)
  A quokka (D:2)
  3 ball pythons
  5 frilled lizards
  5 kobolds
  4 rats
86 creatures vanquished.

Vanquished Creatures (collateral kills)
  Sigmund (D:3)
  A goblin (D:3)
2 creatures vanquished.

Vanquished Creatures (others)
  An orc wizard (D:4)
1 creature vanquished.

Grand Total: 89 creatures vanquished

Notes
Turn   | Place    | Note
-------+----------+-------------------------------------------
     0 | D:1      | HyperWeapon the Troll Chaos Knight began the quest for the Orb.
     0 | D:1      | Reached XP level 1. HP: 22/22 MP: 0/0
    59 | D:1      | Reached skill level 3 in Maces & Flails
    65 | D:1      | Reached XP level 2. HP: 26/29 MP: 1/1
   496 | D:1      | Reached skill level 4 in Maces & Flails
   496 | D:1      | Reached XP level 3. HP: 5/36 MP: 2/2
   800 | D:2      | Noticed a scorpion
   804 | D:2      | Killed a scorpion
   804 | D:2      | Reached XP level 4. HP: 39/44 MP: 3/3
   808 | D:2      | XOM: smoke on damage
   942 | D:2      | Reached skill level 5 in Maces & Flails
  1373 | D:2      | XOM: medium Ice miscast
  1423 | D:2      | XOM: silly message
  1550 | D:3      | Reached XP level 5. HP: 45/50 MP: 4/4
  1653 | D:3      | XOM: confusion (+ monsters)
  1713 | D:3      | XOM: noise
  1762 | D:3      | Reached skill level 6 in Maces & Flails
  1800 | D:3      | Found an ancient bone altar of Kikubaaqudgha.
  1912 | D:3      | Noticed Sigmund
  1923 | D:3      | Killed Sigmund
  1923 | D:3      | Reached XP level 6. HP: 59/59 MP: 5/5
  1930 | D:3      | Found a basalt altar of Yredelemnul.
  2060 | D:3      | Noticed RottenKnight's ghost (amateur MfSu)
  2065 | D:3      | XOM: confuse monster(s)
  2080 | D:3      | Killed RottenKnight's ghost
  2080 | D:3      | Reached skill level 7 in Maces & Flails
  2339 | D:4      | Reached XP level 7. HP: 42/66 MP: 6/6
  2464 | D:4      | XOM: noise
  2568 | D:4      | Noticed Edmund
  2628 | D:4      | Slain by Edmund

Skill      XL: |  1  2  3  4  5  6 |
---------------+-------------------+-----
Maces & Flails | 3 4 5 6 7 |  7.7
Fighting       | |  2.4
Dodging        | |  1.9

Action                   |  1- 3 |  4- 6 |  7- 9 || total
-------------------------+-------+-------+-------++-------
Melee: Mace              |    70 |   179 |    60 ||   309
 Fire: Blowgun           |       |     2 |       ||     2
  Use: Potion            |     1 |       |       ||     1
 Stab: Paralysed         |       |     5 |       ||     5
       Distracted        |       |     1 |       ||     1
       Sleeping          |       |     1 |       ||     1
  Eat: Chunk             |     9 |    19 |     2 ||    30
Armor: Robe              |    42 |    88 |    19 ||   149
Dodge: Dodged            |    66 |    78 |    11 ||   155
Block: Shield            |       |     8 |    13 ||    21
